 Dungeon Crawl Stone Soup version 0.26.1-2-gb8aa6d0cf2 (webtiles) character file.

Game seed: 7734633939118482947

628 Amaterasu the Skirmisher (level 7, 0/46 HPs)
             Began as a Gargoyle Fighter on Feb 11, 2021.
             Slain by a centaur skeleton (5 damage)
             ... on level 5 of the Dungeon.
             The game lasted 00:05:05 (4131 turns).

Amaterasu the Skirmisher (Gargoyle Fighter)         Turns: 4131, Time: 00:05:06

Health: 0/46       AC: 12    Str: 21    XL:     7   Next: 48%
Magic:  7/7        EV:  7    Int:  9    God:
Gold:   111        SH:  9    Dex:  9    Spells: 6/6 levels left

rFire    + . .     SeeInvis .   o - +2 whip (flame)
rCold    . . .     Faith    +   c - +0 kite shield
rNeg     + . .     Spirit   .   b - +0 scale mail
rPois    ∞         Reflect  .   (no helmet)
rElec    +         Harm     .   k - +0 cloak
rCorr    .         Rampage  .   (no gloves)
Will     .....                  (no boots)
Stlth    ..........             a - amulet of faith
HPRegen  0.15/turn              f - ring of protection from fire
MPRegen  0.10/turn              (no ring)

@: no status effects
A: negative energy resistance 1, electricity resistance, unbreathing,
petrification resistance, miasma immunity, AC +4
a: no special abilities


You were on level 5 of the Dungeon.
You visited 1 branch of the dungeon, and saw 5 of its levels.

You collected 111 gold pieces.

Inventory:

Hand Weapons
 o - a +2 whip of flaming (weapon)
Armour
 b - a +0 scale mail (worn)
 c - a +0 kite shield (worn)
 k - a +0 cloak (worn)
Jewellery
 a - an amulet of faith (around neck)
 f - a ring of protection from fire (left hand)
Wands
 q - a wand of acid (10)
Scrolls
 i - 2 scrolls of fog
 n - 4 scrolls of remove curse
Potions
 d - a potion of might
 e - a potion of ambrosia
 g - 2 potions of invisibility
 h - 2 potions of curing
 j - a potion of haste
 l - a potion of attraction
 m - a potion of heal wounds {unknown}
 r - 2 potions of resistance {unknown}


   Skills:
 * Level 6.2 Fighting
 * Level 5.9 Maces & Flails
 * Level 3.7 Armour
 * Level 0.6 Dodging
 * Level 3.7 Shields


You had 6 spell levels left.
You didn't know any spells.
Your spell library was empty.

Dungeon Overview and Level Annotations

Branches:
Dungeon (5/15)
 Temple: D:4-7

Altars:
Ru
Uskayaw
Wu Jian

Shops:
D:5 !


Innate Abilities, Weirdness & Mutations

You are resistant to torment.
Your stone body is resilient. (AC +4)
You are immune to poison.
You resist negative energy. (rN+)
You are resistant to electric shocks. (rElec)
You can survive without breathing.
You are immune to petrification.
You are immune to miasma.


Message History

You barely miss the orc priest.
The orc priest is moderately wounded.
The centaur skeleton completely misses you.
The orc barely misses you.
The orc priest hits you but does no damage.
The orc hits you but does no damage.
The centaur skeleton hits you but does no damage.
You hit the orc priest. You burn the orc priest.
The orc priest is severely wounded.
The orc wizard points at you and mumbles some strange words.
The magic dart hits you.
* * * LOW HITPOINT WARNING * * *
You block the orc's attack. You block the orc priest's attack.
You block the orc wizard's attack. The centaur skeleton hits you.
* * * LOW HITPOINT WARNING * * *
You hit the orc priest. You burn the orc priest.
You kill the orc priest!
The orc barely misses you. You block the orc wizard's attack.
The centaur skeleton hits you.
You die...

... ...... ... .....
.... ....# #....
....# #....###...# #
#........###
..#...oZo....#.
.....##@).$#... #..
#...o.....# ...#
#.##.......#.# ..#
....$....$##.##..####
.........##.........#
[..###..............#
#.# ##..............
.. .......#†........#
.....#..#..∩.......


You could see an orc wizard (fast), 2 orcs and a centaur skeleton.

Vanquished Creatures
  Grinder (D:4)
  A howler monkey (D:4)
  2 orc priests
  2 bullfrog skeletons (D:4)
  A hound (D:4)
  An iguana (D:4)
  An orc wizard (D:4)
  2 worker ants (D:4)
  3 adders
  2 adder skeletons (D:4)
  4 worms
  4 dart slugs
  4 leopard geckos
  12 orcs
  9 bats
  6 giant cockroaches
  14 goblins
  7 hobgoblins
  8 jackals
  2 quokkas
  4 ball pythons (D:2)
  3 frilled lizards
  6 kobolds
  5 rats
104 creatures vanquished.

Notes
Turn   | Place    | Note
-------+----------+-------------------------------------------
     0 | D:1      | Amaterasu the Gargoyle Fighter began the quest for the Orb.
     0 | D:1      | Reached XP level 1. HP: 14/14 MP: 1/1
   119 | D:1      | Reached XP level 2. HP: 12/20 MP: 2/2
   532 | D:1      | Reached skill level 4 in Fighting
   532 | D:1      | Reached XP level 3. HP: 23/24 MP: 3/3
  1606 | D:2      | Reached XP level 4. HP: 12/29 MP: 4/4
  2266 | D:3      | Reached XP level 5. HP: 31/34 MP: 5/5
  2381 | D:3      | Found a hide-covered altar of Uskayaw.
  2419 | D:3      | Found a sacrificial altar of Ru.
  2686 | D:3      | Found an ornate altar of the Wu Jian Council.
  2914 | D:4      | Reached skill level 5 in Fighting
  2914 | D:4      | Reached skill level 5 in Maces & Flails
  2914 | D:4      | Reached XP level 6. HP: 26/40 MP: 6/6
  3318 | D:4      | Noticed Grinder
  3326 | D:4      | Paralysed by Grinder for 3 turns
  3345 | D:4      | Reached skill level 6 in Fighting
  3348 | D:4      | Paralysed by Grinder for 5 turns
  3366 | D:4      | Killed Grinder
  3367 | D:4      | Reached XP level 7. HP: 11/46 MP: 7/7
  4106 | D:5      | Entered Level 5 of the Dungeon
  4106 | D:5      | Found Fiebaluu's Distillery.
  4131 | D:5      | Slain by a centaur skeleton

Illustrated notes

Levels and vault maps discovered:
D:1:      dpeg_arrival_radiant, layout_basic, minmay_pentomino_x2
D:2:      layout_basic, serial_bayou_pond_d, minmay_shallow_snake_nest
D:3:      layout_loops_ring, old_standard_altar, eat_drink_and_be_merry_uskayaw,
          nzn_wu_jian_contemplation
D:4:      layout_loops_ring, hangedman_abyss_or_decor_slice, uniq_grinder
D:5:      layout_rooms, vehumet_altar_wand_db, serial_shops, shop,
          minmay_manual_monstrance

Skill      XL: |  1  2  3  4  5  6 |
---------------+-------------------+-----
Fighting       | 4 5 6 |  6.2
Maces & Flails | 3 4 5 |  5.9
Armour         | |  3.7
Dodging        | |  0.6
Shields        | |  3.7

Action                   |  1- 3 |  4- 6 |  7- 9 || total
-------------------------+-------+-------+-------++-------
Melee: Flail             |   134 |   138 |       ||   272
       Whip              |       |    74 |    33 ||   107
  Use: Scroll            |     3 |     4 |     1 ||     8
       Potion            |       |     3 |       ||     3
Armor: Scale mail        |   138 |   108 |    19 ||   265
Dodge: Dodged            |    49 |    59 |     8 ||   116
Block: Kite shield       |    92 |   104 |    12 ||   208
